 Dungeon Sprint DCSS version 0.32-a0-42-ga30500b4d3 (webtiles) character file.

Game seed: 4856902438311035157

417 rocky1 the Grappler (level 6, 0/47 (48) HPs)
             Began as a Draconian Shapeshifter on Jan 27, 2024.
             Was an Initiate of Gozag.
             Slain by a wight
             ... wielding a +0 spear
              (1 damage)
             ... in the Dungeon (Sprint VII: "The Pits").
             The game lasted 00:00:48 (302 turns).

rocky1 the Grappler (Draconian Shapeshifter)         Turns: 302, Time: 00:00:48

HP:   0/47 (48)     AC:  6    Str: 17    XL:     6   Next: 61%
MP:   6/6           EV: 13    Int: 10    God:    Gozag
Gold: 540           SH:  0    Dex: 12    Spells: 5/5 levels left

rFire   . .          .
                       - Unarmed
rCold   . . .        (no shield)
rNeg    . . .        (body armour unavailable)
rPois   .            (helmet currently unavailable)
rElec   .            (cloak currently unavailable)
rCorr   .            (gloves currently unavailable)
SInv    .            (boots currently unavailable)
Will    .....        (no amulet)
Stlth   ++           (no ring)
HPRegen 0.27/turn    (no ring)
MPRegen 0.10/turn

%: no teleportation
@: beast-form, gold aura, lightly drained
A: beast (slay +4), AC +6, unfitting armour, cold-blooded
a: Begin Untransformation, Renounce Religion, Potion Petition, Call Merchant,
Bribe Branch


You were in the Dungeon.
You worshipped Gozag.
Gozag was pleased with you.
You were a hulking beast.
You visited 1 branch You collected 540 gold pieces.

Inventory:

Talismans
 b - a beast talisman
 c - a flux talisman
Scrolls
 i - a scroll of blinking
 k - 2 scrolls of vulnerability
 l - 5 scrolls of amnesia
 m - a scroll of summoning
Potions
 a - a potion of lignification
 d - 6 potions of curing
 e - 6 potions of heal wounds
 f - a potion of haste
 g - 4 potions of magic
 h - 3 potions of berserk rage
 j - 2 potions of invisibility


   Skills:
 + Level 1.9 Fighting
 + Level 4.2 Dodging
 + Level 1.2 Stealth
 + Level 10.4 Unarmed Combat
 + Level 9.0 Shapeshifting


You had 5 spell levels left.
You didn't know any spells.
Your spell library was empty.

Dungeon Overview and Level Annotations

Branches:
Dungeon (1/1)

Altars:
Ashenzari
Cheibriados
Dithmenos
Elyvilon
Fedhas
Gozag
Hepliaklqana
Kikubaaqudgha
Makhleb
Nemelex Xobeh
Okawaru
Qazlal
Ru
Sif Muna
Trog
Uskayaw
Vehumet
Wu Jian
Xom
Yredelemnul
Zin
The Shining One
Jiyva
Lugonu

Annotations:
D Edmund, Menkaure


Innate Abilities, Weirdness & Mutations

You are a hulking beast.
Your limbs bulge with bestial killing power. (Slay +4)
Your plain brown scales are hard. (AC +6)
You cannot fit into any form of body armour.
You are cold-blooded and may be slowed by cold attacks.


Message History

You hit the wight.
You tail-slap the wight, but do no damage.
The wight is moderately damaged.
The wight hits you but does no damage.
Menkaure is distracted by your dazzling golden aura.
Menkaure shouts!
You punch the wight!
The wight is almost destroyed.
You hear a shout!
The wight barely misses you.
You punch the wight!
You destroy the wight!
Your Shapeshifting skill increases to level 9!
The wight is no longer distracted by gold.
Things that are here:
54 gold pieces; a +0 mace; a +0 robe You hit the warg but do no damage.
The warg is distracted by your dazzling golden aura.
Edmund says, "Everyone always remembers my brother. 'Who's Edmund?' they ask!"
The warg howls!
You punch the warg!
The warg is no longer distracted by gold.
The warg is moderately wounded.
The wight hits you from afar with a +0 spear.
The warg is distracted by your dazzling golden aura.
You closely miss the warg.
The warg is no longer distracted by gold.
The warg is moderately wounded.
Menkaure is no longer distracted by gold.
The warg bites you! The wight hits you but does no damage.
You closely miss the warg.
The warg is moderately wounded.
The warg bites you!!
* * * LOW HITPOINT WARNING * * *
A black bear comes into view.
The wight hits you from afar with a +0 spear.
* * * LOW HITPOINT WARNING * * *
You feel drained.
You die...
Your body crumbles into a pile of gold.

#'#####'#####.....
#.#..#..#..##.....
#.#..'..'..#####'#
#.##'####+###.....
#.#........##.....
#.#........##.....
#$#####'#####...<.
#$#...)))[.##.....
#h#...)))[.##.....
#h###########.....
#z@ ###### #.hM
#...# #..## #...
#...


You could see Edmund, a warg, a black bear, Menkaure and a wight.

Vanquished Creatures
  A glass eye (D)
  A weeping skull (D)
  3 wights (D)
  A ball python (D)
  3 giant cockroaches (D)
  A hobgoblin (D)
  A quokka (D)
  A ball python zombie (D)
  A quokka zombie (D)
  A rat (D)
14 creatures vanquished.

Notes
Turn   | Place    | Note
-------+----------+-------------------------------------------
     0 | D        | rocky1 the Draconian Shapeshifter began the quest for the
                  | Orb.
     0 | D        | Reached XP level 1. HP: 16/16 MP: 1/1
    42 | D        | Found a bloodstained altar of Trog.
    42 | D        | Found a shimmering blue altar of Sif Muna.
    42 | D        | Found a viscous altar of Jiyva.
    42 | D        | Found a hazy altar of Hepliaklqana.
    42 | D        | Found an opulent altar of Gozag.
    43 | D        | Found a glowing golden altar of the Shining One.
    43 | D        | Found a glowing silver altar of Zin.
    43 | D        | Found a basalt altar of Yredelemnul.
    43 | D        | Found a shimmering altar of Xom.
    43 | D        | Found an ornate altar of the Wu Jian Council.
    43 | D        | Found a sacrificial altar of Ru.
    43 | D        | Found a stormy altar of Qazlal.
    43 | D        | Found an iron altar of Okawaru.
    43 | D        | Found a sparkling altar of Nemelex Xobeh.
    43 | D        | Found a burning altar of Makhleb.
    43 | D        | Found a blossoming altar of Fedhas.
    43 | D        | Found a white marble altar of Elyvilon.
    43 | D        | Found a shadowy altar of Dithmenos.
    43 | D        | Found a snail-covered altar of Cheibriados.
    46 | D        | Found a corrupted altar of Lugonu.
    46 | D        | Found a radiant altar of Vehumet.
    47 | D        | Found an ancient bone altar of Kikubaaqudgha.
    47 | D        | Found a hide-covered altar of Uskayaw.
    47 | D        | Found a broken altar of Ashenzari.
    50 | D        | Became a worshipper of Gozag Ym Sagoz the Greedy
    87 | D        | Noticed a glass eye
    92 | D        | Reached XP level 2. HP: 20/23 MP: 2/2
   115 | D        | Killed a glass eye
   116 | D        | Reached skill level 8 in Unarmed Combat
   116 | D        | Reached XP level 3. HP: 27/28 MP: 3/3
   116 | D        | Reached XP level 4. HP: 33/35 MP: 4/4
   116 | D        | Reached XP level 5. HP: 38/40 MP: 5/5
   275 | D        | Noticed Edmund
   287 | D        | Reached skill level 9 in Unarmed Combat
   289 | D        | Reached XP level 6. HP: 39/47 MP: 6/6
   289 | D        | Noticed a warg
   293 | D        | Reached skill level 1 in Stealth
   293 | D        | Reached skill level 10 in Unarmed Combat
   293 | D        | Noticed Menkaure
   302 | D        | HP: 1/48 [wight/+0 spear (3)]
   302 | D        | Slain by a wight

Illustrated notes

Levels and vault maps discovered:
D:        pitsprint [storerooms_1, entrance_room_1, metal_vault_6, armoury_1,
          mini_pit_1, grid_room_1, main_hall_1, silver_pit, the_coven_3,
          the_vestibule_1, steel_vault_5, golden_pit, hallway_of_sentries,
          crystal_vault_2, iron_vault_1, final_vault]

Skill      XL: |  1  2  3  4  5  6 |
---------------+-------------------+-----
Shapeshifting  | 4 7 8 9 |  9.0
Dodging        | 3 4 |  4.2
Unarmed Combat | 8 9 10 | 10.4
Stealth        | 1 |  1.2
Fighting       | |  1.9

Action                     |  1- 3 |  4- 6 || total
---------------------------+-------+-------++-------
  Melee: Unarmed           |    36 |    17 ||    53
         Tailslap          |     7 |     2 ||     9
         Punch             |       |     1 ||     1
 Armour: Skin              |     7 |    10 ||    17
  Dodge: Dodged            |     7 |     3 ||    10

Table legend: (Time is in decaauts)
 A = Elapsed time spent in this place.
 B = Non-inter-level travel time spent in this place.
 C = Inter-level travel time spent in this place.
 D = Time resting spent in this place.
 E = Time spent auto-exploring this place.
 F = Levels seen in this place.
 G = Mean time per level.
                   A        B        C        D        E       F      G
               +--------+--------+--------+--------+--------+-----+--------+
         Total |    296 |    283 |     13 |    113 |      0 |   1 |  296.0 |
       Dungeon |    296 |    283 |     13 |    113 |      0 |   1 |  296.0 |
               +--------+--------+--------+--------+--------+-----+--------+

Top non-repeatable levels by time:
       D: 296 daAuts
